 Dungeon Crawl Stone Soup version 0.18-a0-971-g0af6217 (webtiles) character file.

5184 filipzpl the Fighter (level 10, 0/88 HPs)
             Began as a Demonspawn Fighter on Jan 2, 2016.
             Was an Elder of Trog.
             Succumbed to Maurice's poison
             ... on level 10 of the Dungeon.
             The game lasted 00:29:31 (7779 turns).

filipzpl the Fighter (Demonspawn Fighter)           Turns: 7779, Time: 00:29:31

Health: 0/88       AC: 12    Str: 25    XL:     10   Next: 34%
Magic:  10/10      EV:  2    Int: 10    God:    Trog [****..]
Gold:   0          SH: 14    Dex: 12    Spells: 0 memorised, 9 levels left

rFire  + . .     SeeInvis .     a - +1 flail
rCold  . . .     Gourm    .     t - +0 plate armour
rNeg   . . .     Faith    .     A - +0 large shield
rPois  .         Spirit   .     (no helmet)
rElec  .         Dismiss  .     (no cloak)
rCorr  .         Reflect  .     l - +0 pair of gloves
SustAt +         Harm     .     (no boots)
MR     .....                    u - amulet of regeneration
Stlth  ..........               z - ring of sustain attributes
                                k - +5 ring of strength

@: lethally poisoned (0 -> 0), not resistant to hostile enchantments, extremely
unstealthy
A: talons 2, demonic guardian 1, fire resistance 1, flame cloud immunity
a: Berserk, Trog's Hand, Brothers in Arms, Burn Spellbooks, Renounce Religion


You were on level 10 of the Dungeon.
You worshipped Trog.
Trog was greatly pleased with you.
You were hungry.

You visited 1 branch of the dungeon, and saw 10 of its levels.

Inventory:

Hand Weapons
 a - a +1 flail (weapon)
Armour
 l - a +0 pair of gloves (worn)
 t - a +0 plate armour (worn)
 A - a +0 large shield (worn)
Jewellery
 k - a +5 ring of strength (left hand)
 u - an amulet of regeneration (around neck)
 x - a cursed -3 ring of slaying {unknown}
 z - a ring of sustain attributes (right hand)
 G - an uncursed ring of protection from cold {unknown}
Wands
 B - a wand of frost (42/48)
 E - a wand of fire (12/15)
 F - a wand of slowing (32/48)
 K - a wand of cold (8/15)
 L - a wand of cold (5/15)
 M - a wand of digging (13/24)
Scrolls
 e - a scroll of fog {unknown}
 i - 4 scrolls of magic mapping
 n - a scroll of fear
 v - 2 scrolls of enchant weapon
 w - 4 scrolls of teleportation
 y - 2 scrolls of remove curse
Potions
 b - 2 potions of brilliance {unknown}
 c - 3 potions of poison {unknown}
 d - a potion of might
 h - 2 potions of heal wounds {unknown}
 j - a potion of invisibility {unknown}
 o - a potion of magic {unknown}
 p - a potion of cancellation {unknown}
 q - a potion of haste {unknown}
 r - 5 potions of curing {unknown}
 H - a potion of mutation {unknown}
 I - a potion of experience {unknown}
Miscellaneous
 J - a lamp of fire
Comestibles
 f - 5 bread rations
 m - 2 meat rations
 s - 11 fruits
 C - 2 beef jerkies
 D - 6 slices of pizza


   Skills:
 * Level 11.2 Fighting
 * Level 10.1 Maces & Flails
 - Level 2.6 Armour
 - Level 2.6 Shields


You had 9 spell levels left.
You didn't know any spells.

Dungeon Overview and Level Annotations

Branches:
Dungeon (10/15)            Temple (0/1) D:5            Lair (0/8) D:8
    Orc: D:9-12

Altars:
Dithmenos
Elyvilon
Gozag
Kikubaaqudgha
Makhleb
Nemelex Xobeh
Pakellas
Qazlal
Trog
Vehumet
Xom
The Shining One

Shops:
D:5 (

Annotations:
D:9 Maurice


Innate Abilities, Weirdness & Mutations

You have razor-sharp toenails.
A weak demonic guardian rushes to your aid.
Your flesh is heat resistant.
You are immune to clouds of flame.


Message History

You feel sick.
Maurice mumbles some strange words.
Maurice blinks!
There is a stone staircase leading down here.
Your quasit closely misses the orc.
Your quasit barely misses the orc.
Your quasit barely misses the orc.
The orc hits you but does no damage.
You climb downwards.
A hill giant comes into view. It is wielding a giant spiked club.
* * * LOW HITPOINT WARNING * * *
You feel sick.
The hill giant shouts!
Found a fuming black potion, 29 stones and a scroll of identify.
There is a stone staircase leading up here.
You closely miss the orc. Your kick misses the orc.
The orc is almost dead.
* * * LOW HITPOINT WARNING * * *
You feel sick. The orc hits you but does no damage.
You bump into the metal wall.
You feel less confused.
You die...

.....
.... #
..?####.
C.....
....#
#...#
#..o#
#.@.#
#.### #.
.. .(.
....
.....
......


You could see a hill giant and an orc.

Vanquished Creatures
  An orange crystal statue (D:8)
  Joseph (D:8)
  The ghost of root the Gusty, an amateur DrAE (D:4)
  A two-headed ogre (D:8)
  2 yaks (D:8)
  A hog (D:7)
  A human (D:7)
  Grum (D:8)
  3 wolves (D:8)
  A hippogriff (D:7)
  A water moccasin (D:6)
  Duvessa (D:7)
  An orc warrior (D:6)
  A sky beast (D:8)
  2 wasps
  2 black bears
  2 ogres
  2 centaurs
  A giant frog (D:8)
  Dowan (D:7)
  5 scorpions
  4 killer bees (D:8)
  3 giant frog zombies
  3 crimson imps
  6 hounds
  2 jellies (D:9)
  3 orc priests
  Ijyb (D:3)
  2 iguanas
  5 orc wizards
  4 worker ants
  3 sheep (D:7)
  A hound zombie (D:5)
  4 gnolls (D:3)
  12 adders
  2 oozes (D:4)
  An adder zombie (D:6)
  2 worms
  5 giant geckos
  23 orcs
  6 giant cockroaches
  6 goblins
  7 hobgoblins
  9 jackals (D:1)
  9 kobolds
  4 quokkas
  2 ball pythons
  5 bats
  A giant gecko skeleton (D:7)
  7 giant newts
  14 rats
  3 plants (D:1)
191 creatures vanquished.

Vanquished Creatures (collateral kills)
  A necrophage (D:9)
  2 orcs
  A bat (D:8)
  2 rats (D:8)
6 creatures vanquished.

Vanquished Creatures (others)
  A fungus (D:8)
1 creature vanquished.

Grand Total: 198 creatures vanquished

Notes
Turn   | Place    | Note
--------------------------------------------------------------
     0 | D:1      | filipzpl the Demonspawn Fighter began the quest for the Orb.
     0 | D:1      | Reached XP level 1. HP: 18/18 MP: 1/1
   180 | D:1      | Gained mutation: Your flesh is heat resistant. [demonic ancestry]
   180 | D:1      | Reached XP level 2. HP: 18/24 MP: 2/2
   555 | D:1      | Reached XP level 3. HP: 9/29 MP: 3/3
  1624 | D:2      | Reached skill level 4 in Fighting
  1745 | D:2      | Reached XP level 4. HP: 37/37 MP: 4/4
  1821 | D:2      | Found a burning altar of Makhleb.
  2260 | D:2      | Found a bloodstained altar of Trog.
  2269 | D:2      | Became a worshipper of Trog the Wrathful
  2518 | D:3      | Noticed Ijyb
  2526 | D:3      | Killed Ijyb
  2710 | D:3      | Reached XP level 5. HP: 38/43 MP: 5/5
  2880 | D:3      | Reached skill level 5 in Fighting
  3093 | D:3      | Reached * piety under Trog
  3174 | D:3      | Found an oddly glowing altar of Pakellas.
  3553 | D:4      | Found a white marble altar of Elyvilon.
  3558 | D:4      | Reached XP level 6. HP: 51/51 MP: 6/6
  3596 | D:4      | Noticed root's ghost (amateur DrAE)
  3609 | D:4      | Killed root's ghost
  3701 | D:4      | Reached skill level 6 in Fighting
  3746 | D:4      | Reached skill level 5 in Maces & Flails
  3746 | D:4      | Gained mutation: You have sharp toenails. [demonic ancestry]
  3746 | D:4      | Reached XP level 7. HP: 7/58 MP: 7/7
  3879 | D:4      | Found an opulent altar of Gozag.
  4279 | D:5      | Entered Level 5 of the Dungeon
  4284 | D:5      | Found a stormy altar of Qazlal.
  4399 | D:5      | Found Filoaff's Antique Weapon Shoppe.
  4512 | D:5      | Found a shimmering altar of Xom.
  4525 | D:5      | Found a staircase to the Ecumenical Temple.
  4572 | D:5      | Reached ** piety under Trog
  4730 | D:5      | Reached skill level 7 in Fighting
  4818 | D:5      | Found a radiant altar of Vehumet.
  4954 | D:6      | Gained mutation: You have razor-sharp toenails. [demonic ancestry]
  4954 | D:6      | Reached XP level 8. HP: 67/67 MP: 8/8
  5021 | D:6      | Found an ancient bone altar of Kikubaaqudgha.
  5339 | D:6      | Found a shadowy altar of Dithmenos.
  5467 | D:6      | Reached skill level 8 in Fighting
  5945 | D:7      | Noticed Duvessa
  5946 | D:7      | Noticed Dowan
  5959 | D:7      | Killed Duvessa
  5959 | D:7      | Reached skill level 9 in Fighting
  5959 | D:7      | Gained mutation: A weak demonic guardian rushes to your aid. [demonic ancestry]
  5959 | D:7      | Reached XP level 9. HP: 76/76 MP: 9/9
  5963 | D:7      | Killed Dowan
  6060 | D:7      | Reached *** piety under Trog
  6561 | D:8      | Found a staircase to the Lair.
  6708 | D:8      | Reached skill level 10 in Fighting
  6752 | D:8      | Noticed Grum
  6766 | D:8      | Killed Grum
  6946 | D:8      | Noticed Joseph
  6987 | D:8      | Killed Joseph
  6987 | D:8      | Gained mutation: You are immune to clouds of flame. [demonic ancestry]
  6987 | D:8      | Reached XP level 10. HP: 57/86 MP: 10/10
  7045 | D:8      | Found a sparkling altar of Nemelex Xobeh.
  7075 | D:8      | Noticed an orange crystal statue
  7185 | D:8      | Killed an orange crystal statue
  7312 | D:8      | Reached skill level 11 in Fighting
  7573 | D:9      | Reached **** piety under Trog
  7636 | D:9      | Found a glowing golden altar of the Shining One.
  7641 | D:9      | Reached skill level 10 in Maces & Flails
  7688 | D:9      | Noticed Maurice
  7770 | D:9      | HP: 4/88 [orc (2)]
  7774 | D:9      | HP: 1/88 [poisoned by Maurice]
  7777 | D:10     | Entered Level 10 of the Dungeon
  7777 | D:10     | Noticed a hill giant
  7779 | D:10     | Succumbed to Maurice's poison

Vault maps used:
D:1:      dpeg_arrival_fog, serial_forest, infiniplex_forest_lined_4_way,
          infiniplex_forest_fountain, infiniplex_forest_clump_diagonal,
          infiniplex_forest_side_room, infiniplex_forest_clump_medium
D:2:      lightli_temple_of_fire, nicolae_overflow_crystal_walls
D:3:      grunt_pakellas_basics, uniq_iyjb
D:4:      lemuel_coloured_pillars_altar, nicolae_gozag_seed_capital
D:5:      old_standard_altar, minmay_temple_entry_statues_pillars, first_bread,
          basic_altar, serial_shops, shop, vehumet_altar_wand_db
D:6:      lemuel_round_altar, kennysheep_mini, nicolae_overflow_hidden_temple
D:7:      grunt_livestock, hangedman_decor_clover_reticule, uniq_duvessa
D:8:      minmay_statue_hallways, due_lair_maze_entry_diamond, basic_altar,
          abandoned_shop, minmay_misc_feat_rows, uniq_grum, uniq_joseph
D:9:      overflow_temple_1_default, kennysheep_mini_moat,
          ashenzari_conservatory_becter, nemelex_xobeh_ov_fountains_minmay,
          uniq_maurice
D:10:     david_orc_2

Action                   |  1- 3 |  4- 6 |  7- 9 | 10-12 || total
-------------------------+-------+-------+-------+-------++-------
Melee: Flail             |   232 |   196 |   379 |   125 ||   932
Invok: Berserk           |       |       |     6 |     2 ||     8
       Burn Spellbooks   |       |       |     1 |       ||     1
  Use: Scroll            |       |    11 |     7 |       ||    18
 Stab: Distracted        |       |       |       |     1 ||     1
  Eat: Chunk             |     3 |     4 |    11 |       ||    18
       Fruit             |       |     1 |       |       ||     1
       Bread ration      |       |     1 |       |       ||     1
       Pizza             |       |       |     2 |       ||     2
       Meat ration       |       |       |       |     1 ||     1
